 Dungeon Crawl Stone Soup version 0.27.0-1-g7a089689b8 (webtiles) character file.

Game seed: 14879495982776598004

625 inmateoo the Chucker (level 7, 0/71 HPs)
             Began as a Troll Hunter on Aug 9, 2021.
             Slain by a water moccasin (6 damage)
             ... on level 3 of the Dungeon.
             The game lasted 00:03:15 (2335 turns).

inmateoo the Chucker (Troll Hunter)                 Turns: 2335, Time: 00:03:16

Health: 0/71       AC:  4    Str: 21    XL:     7   Next: 23%
Magic:  6/6        EV: 10    Int:  7    God:
Gold:   104        SH:  5    Dex: 12    Spells: 6/6 levels left

rFire    . . .     SeeInvis .   (no weapon)
rCold    . . .     Faith    .   (no shield)
rNeg     . . .     Spirit   .   b - +0 robe
rPois    .         Reflect  +   (helmet restricted)
rElec    .         Harm     .   (no cloak)
rCorr    .         Rampage  .   (gloves unavailable)
Will     .....                  (boots unavailable)
Stlth    ++........             g - amulet of reflection
HPRegen  1.21/turn              (no ring)
MPRegen  0.10/turn              (no ring)

@: mighty, lethally poisoned (0 -> -3), flying
A: large, unfitting armour, claws 3, regeneration 1, shaggy fur 1, tough skin 1
a: no special abilities


You were on level 3 of the Dungeon.
You visited 1 branch of the dungeon, and saw 4 of its levels.

You collected 104 gold pieces.

Inventory:

Missiles
 c - 2 large rocks (quivered)
 d - 4 throwing nets
 j - 2 boomerangs
Armour
 b - a +0 robe (worn)
Jewellery
 g - an amulet of reflection (around neck)
Wands
 i - a wand of acid (5)
 l - a wand of iceblast (6)
Scrolls
 h - a scroll of teleportation


   Skills:
 * Level 4.3 Fighting
 + Level 4.8 Throwing
 + Level 3.2 Dodging
 + Level 2.0 Stealth


You had 6 spell levels left.
You didn't know any spells.
Your spell library was empty.

Dungeon Overview and Level Annotations

Branches:
Dungeon (4/15)
 Temple: D:4-7

Altars:
Elyvilon
Fedhas

Shops:
D:3 [


Innate Abilities, Weirdness & Mutations

You are too large for most types of armour.
You have claws for hands.
Your natural rate of healing is unusually fast.
You are covered in fur. (AC +1)
You have tough skin. (AC +1)


Message History

You are more poisoned.
The water moccasin poisons you!
It was a potion of might.
You feel very mighty all of a sudden.
You feel very sick. The water moccasin bites you.
* * * LOW HITPOINT WARNING * * *
The water moccasin barely misses you.
You scratch the water moccasin.
The water moccasin is moderately wounded.
You feel very sick. The water moccasin bites you.
* * * LOW HITPOINT WARNING * * *
You feel much better.
You feel very sick. The water moccasin bites you.
* * * LOW HITPOINT WARNING * * *
You barely miss the water moccasin.
The water moccasin is moderately wounded.
You feel sick. The water moccasin bites you.
* * * LOW HITPOINT WARNING * * *
The water moccasin barely misses you.
You miss the water moccasin.
The water moccasin is moderately wounded.
You feel sick. The water moccasin bites you.
* * * LOW HITPOINT WARNING * * *
It was a potion of flight.
You feel very buoyant.
You fly up into the air.
You feel sick.
The water moccasin bites you but does no damage.
The water moccasin bites you.
* * * LOW HITPOINT WARNING * * *
You are more poisoned.
The water moccasin poisons you!
You barely miss the water moccasin.
The water moccasin is moderately wounded.
* * * LOW HITPOINT WARNING * * *
You feel very sick. The water moccasin bites you.
You die...

##################
#.................
#.##.#######......
#S##.######..####.
#@).......'..##...
####.######..#....
#.# #..#.... #.#
##....._ #.#
#.#.... #.#
#.#.... #.#
#.##... #.#
#.####. #.#
#......


You could see a water moccasin.

Vanquished Creatures
  Grinder (D:3)
  Sigmund (D:2)
  2 orc priests (D:3)
  Natasha (D:4)
  An iguana (D:3)
  6 gnolls (D:3)
  An adder (D:2)
  A worm (D:2)
  3 orcs (D:3)
  11 ball pythons
  4 endoplasms
  3 giant cockroaches
  11 goblins
  10 hobgoblins
  9 jackals
  3 quokkas
  2 bats (D:1)
  4 frilled lizards
  6 kobolds
  7 rats
87 creatures vanquished.

Vanquished Creatures (others)
  3 plants (D:3)
3 creatures vanquished.

Grand Total: 90 creatures vanquished

Notes
Turn   | Place    | Note
-------+----------+-------------------------------------------
     0 | D:1      | inmateoo the Troll Hunter began the quest for the Orb.
     0 | D:1      | Reached XP level 1. HP: 19/19 MP: 0/0
    83 | D:1      | Reached XP level 2. HP: 28/28 MP: 1/1
   267 | D:1      | Reached XP level 3. HP: 35/35 MP: 2/2
   825 | D:2      | Reached skill level 1 in Stealth
   925 | D:2      | Noticed Sigmund
   954 | D:2      | Killed Sigmund
   955 | D:2      | Reached XP level 4. HP: 45/45 MP: 3/3
   955 | D:2      | Reached XP level 5. HP: 53/53 MP: 4/4
  1364 | D:3      | Reached XP level 6. HP: 57/61 MP: 5/5
  1490 | D:3      | Found a white marble altar of Elyvilon.
  1587 | D:3      | Found a blossoming altar of Fedhas.
  1801 | D:3      | Noticed Grinder
  1803 | D:3      | Paralysed by Grinder for 3 turns
  1810 | D:3      | Killed Grinder
  1811 | D:3      | Reached XP level 7. HP: 56/70 MP: 6/6
  1848 | D:3      | Found Paplil's Antique Armour Emporium.
  2314 | D:4      | Noticed Natasha
  2315 | D:4      | Killed Natasha
  2335 | D:3      | Slain by a water moccasin

Illustrated notes

Levels and vault maps discovered:
D:1:      erik_arrival_blinker_ship, layout_loops_ring, palyth_stone_intersect,
          minmay_bisected
D:2:      layout_rooms, uniq_sigmund
D:3:      layout_basic, old_standard_altar, fedhas_altar_3, serial_bayou,
          serial_bayou_lagoon_b, serial_bayou_lagoon_a, serial_bayou_pond_c,
          serial_bayou_shore_a, serial_bayou_shore_b, serial_shops, shop,
          uniq_grinder
D:4:      layout_rooms, st_stairs_7, hangedman_abyss_or_decor_stabs,
          uniq_natasha, uniq_eustachio

Skill      XL: |  1  2  3  4  5  6  7 |
---------------+----------------------+-----
Fighting       | 2 3 4 |  4.3
Dodging        | 2 3 |  3.2
Stealth        | 1 2 |  2.0
Throwing       | 4 |  4.8

Action                   |  1- 3 |  4- 6 |  7- 9 || total
-------------------------+-------+-------+-------++-------
Melee: Unarmed           |   168 |    84 |    50 ||   302
Throw: Large rock        |     2 |     3 |     2 ||     7
  Use: Scroll            |       |     5 |     2 ||     7
       Potion            |       |       |     3 ||     3
 Stab: Sleeping          |     3 |     1 |       ||     4
Armor: Robe              |    51 |    24 |     6 ||    81
Dodge: Dodged            |    76 |    32 |    17 ||   125
Block: Other             |       |     8 |     9 ||    17
